 Dungeon Sprint DCSS version 0.23.2-40-g277498a001 (webtiles) character file.

Game seed: 1794459355728315918

229 MordorOrchid the Poker (level 6, -6/44 HPs)
             Began as an Octopode Fighter on Sept 8, 2019.
             Was an Initiate of Cheibriados.
             Mangled by an unseen horror (11 damage)
             ... in the Dungeon (Sprint IX: "|||||||||||||||||||||||||||||").
             The game lasted 00:02:33 (204 turns).

MordorOrchid the Poker (Octopode Fighter)            Turns: 204, Time: 00:02:33

Health: -6/44      AC:  1    Str: 16    XL:     6   Next: 3%
Magic:  5/7        EV: 14    Int: 20    God:    Cheibriados [......]
Gold:   0          SH: 10    Dex: 12    Spells: 5/5 levels left

rFire    . . .     SeeInvis .   a - +0 trident
rCold    . . .     Gourm    .   b - +0 shield
rNeg     . . .     Faith    .   (helmet restricted)
rPois    .         Spirit   .   (no amulet)
rElec    .         Reflect  .   r - +3 ring of intelligence
rCorr    .         Harm     .   s - +3 ring of intelligence
MR       .....     NoTele   +   (no ring)
Stlth    +++.......             (no ring)
HPRegen  0.14/turn              (no ring)
MPRegen  0.10/turn              (no ring)
                                (no ring)
                                (no ring)

@: very slightly contaminated, invisible, very slow
A: almost no armour, stealthy swim, amphibious, 8 rings, constrict 8, camouflage
1, gelatinous body 1
a: Bend Time, Renounce Religion


You were in the Dungeon.
You worshipped Cheibriados.
Cheibriados was noncommittal.
You were not hungry.

You visited 1 branch

Inventory:

Hand Weapons
 a - a +0 trident (weapon)
 p - a +2 rapier of draining
 q - a +2 scimitar of holy wrath
Armour
 b - a +0 shield (worn)
Magical Staves
 o - an uncursed staff of energy
Jewellery
 r - a +3 ring of intelligence (left tentacle)
 s - a +3 ring of intelligence (right tentacle)
Wands
 n - a wand of iceblast (10)
Scrolls
 j - 2 scrolls of blinking
 l - 3 scrolls of remove curse
 m - 2 scrolls of amnesia
Potions
 c - a potion of might
 e - 5 potions of curing
 f - 3 potions of heal wounds
 h - 4 potions of magic
 i - a potion of berserk rage
Comestibles
 d - a ration
 g - 2 chunks of flesh


   Skills:
 + Level 4.6 Fighting
 * Level 1.8 Short Blades
 * Level 7.6 Polearms
 + Level 6.0 Dodging
 - Level 4.0 Stealth
 + Level 5.8 Shields
 * Level 2.0 Invocations
 * Level 1.8 Evocations


You had 5 spell levels left.
You didn't know any spells.
Your spell library was empty.

Dungeon Overview and Level Annotations

Branches:
Dungeon (1/1)

Altars:
Cheibriados
Dithmenos
Elyvilon
Fedhas
Gozag
Hepliaklqana
Kikubaaqudgha
Makhleb
Nemelex Xobeh
Okawaru
Qazlal
Ru
Sif Muna
Trog
Uskayaw
Vehumet
Wu Jian
Xom
Yredelemnul
Zin
The Shining One
Beogh
Jiyva
Lugonu


Innate Abilities, Weirdness & Mutations

You cannot wear most types of armour.
You are very stealthy in the water. (Stealth+)
You are amphibious.
You can wear up to eight rings at the same time.
You can use your tentacles to constrict eight enemies at once.
Your skin changes colour to match your surroundings (Stealth+).
Your rubbery body absorbs attacks. (AC +1, EV +1)


Message History

Cheibriados thoroughly appreciates the change of pace.
Your Short Blades skill increases to level 1!
Your Polearms skill increases to level 7!
Your Dodging skill increases to level 6!
Your Invocations skill gained 2 levels and is now at level 2!
Your Evocations skill increases to level 1!
You have reached level 6!
Your experience leads to an increase in your attributes!
Your base attributes are Str 15, Int 12, Dex 11.
Increase (S)trength, (I)ntelligence, or (D)exterity?
You feel clever. Something barely misses you. Something hits you.
Deactivating autopickup; reactivate with Ctrl-A.
You barely miss something. Something hits you! x2
You closely miss something. Something hits you. x2
* * * LOW HITPOINT WARNING * * *
You puncture something! Your squeeze misses something. Something hits you!
* * * LOW HITPOINT WARNING * * *
Something hits you!
You die... ▓▓▓▓▓▓▓▓▓▓▓▓▓▓▓▓▓▓▓▓▓▓▓▓ ______'...)[[[..@{.OoSO+ ▓▓▓▓▓▓▓▓▓▓▓▓▓▓▓▓▓▓▓▓▓▓▓▓

You could see 2 ogres, an adder (sleeping) and an orc (sleeping).

Vanquished Creatures
  A necrophage (D)
  A centaur (D)
  A hound (D)
  A worker ant (D)
  A leopard gecko (D)
  An orc (D)
  A giant cockroach (D)
  A goblin (D)
  A hobgoblin (D)
  A jackal (D)
  A rat (D)
11 creatures vanquished.

Notes
Turn   | Place    | Note
-------+----------+-------------------------------------------
     0 | D        | MordorOrchid the Octopode Fighter began the quest for the
                  | Orb.
     0 | D        | Reached XP level 1. HP: 16/16 MP: 1/1
     5 | D        | Reached skill level 1 in Stealth
    14 | D        | Reached XP level 2. HP: 15/21 MP: 2/2
    94 | D        | Noticed a necrophage
    97 | D        | Reached skill level 4 in Polearms
    97 | D        | Reached XP level 3. HP: 18/26 MP: 3/3
   101 | D        | Reached XP level 4. HP: 22/31 MP: 4/4
   108 | D        | Killed a necrophage
   108 | D        | Reached skill level 6 in Polearms
   108 | D        | Reached skill level 5 in Dodging
   108 | D        | Reached skill level 5 in Shields
   108 | D        | Reached XP level 5. HP: 26/37 MP: 5/5
   121 | D        | Found a roughly hewn altar of Beogh.
   121 | D        | Found a snail-covered altar of Cheibriados.
   121 | D        | Found a shadowy altar of Dithmenos.
   121 | D        | Found a white marble altar of Elyvilon.
   121 | D        | Found a blossoming altar of Fedhas.
   121 | D        | Found an opulent altar of Gozag.
   122 | D        | Found a hazy altar of Hepliaklqana.
   123 | D        | Found a viscous altar of Jiyva.
   124 | D        | Found an ancient bone altar of Kikubaaqudgha.
   125 | D        | Became a worshipper of Cheibriados the Contemplative
   126 | D        | Found a corrupted altar of Lugonu.
   127 | D        | Found a burning altar of Makhleb.
   128 | D        | Found a sparkling altar of Nemelex Xobeh.
   129 | D        | Found an iron altar of Okawaru.
   130 | D        | Found a stormy altar of Qazlal.
   131 | D        | Found a sacrificial altar of Ru.
   132 | D        | Found a deep blue altar of Sif Muna.
   133 | D        | Found a bloodstained altar of Trog.
   134 | D        | Found a hide-covered altar of Uskayaw.
   135 | D        | Found a radiant altar of Vehumet.
   136 | D        | Found an ornate altar of the Wu Jian Council.
   137 | D        | Found a shimmering altar of Xom.
   138 | D        | Found a basalt altar of Yredelemnul.
   139 | D        | Found a glowing silver altar of Zin.
   140 | D        | Found a glowing golden altar of the Shining One.
   197 | D        | Noticed a centaur
   197 | D        | Noticed an ogre
   197 | D        | Noticed an ogre
   201 | D        | Killed a centaur
   201 | D        | Reached skill level 1 in Short Blades
   201 | D        | Reached skill level 7 in Polearms
   201 | D        | Reached skill level 1 in Evocations
   201 | D        | Reached XP level 6. HP: 44/44 MP: 5/7
   204 | D        | Mangled by an unseen horror

Skill      XL: |  1  2  3  4  5 |
---------------+----------------+-----
Stealth        | 2 4 |  4.0
Polearms       | 4 6 7 |  7.6
Dodging        | 4 5 6 |  6.0
Shields        | 4 5 |  5.8
Fighting       | 4 |  4.6
Short Blades   | 1 |  1.8
Invocations    | 2 |  2.0
Evocations     | 1 |  1.8

Action                   |  1- 3 |  4- 6 || total
-------------------------+-------+-------++-------
Melee: Trident           |    18 |    17 ||    35
       Constrict         |     5 |     3 ||     8
       Tentacles         |     7 |     3 ||    10
  Use: Potion            |     1 |     1 ||     2
 Stab: Sleeping          |     2 |     1 ||     3
Dodge: Dodged            |     2 |     6 ||     8
Block: Shield            |     5 |     2 ||     7
